 Dungeon Crawl Stone Soup version 0.28-a0-728-g0181a31188 (webtiles) character file.

Game seed: 17022881431865106517

2077 Lekart the Thaumaturge (level 9, -9/63 HPs)
             Began as a Purple Draconian Air Elementalist on Oct 27, 2021.
             Was an Initiate of Vehumet.
             Mangled by a boulder beetle (24 damage)
             ... on level 7 of the Dungeon on Oct 28, 2021.
             The game lasted 00:20:29 (9267 turns).

Lekart the Thaumaturge (DrAE)                       Turns: 9267, Time: 00:20:29

Health: -9/63      AC: 18    Str: 10    XL:     9   Next: 6%
Magic:  15/22      EV: 12    Int: 19    God:    Vehumet [......]
Gold:   324        SH:  0    Dex: 12    Spells: 12/26 levels left

rFire   . . .      SeeInvis .     - Unarmed
rCold   . . .      Faith    .   (no shield)
rNeg    . . .      Spirit   .   (armour unavailable)
rPois   .          Reflect  .   (helmet restricted)
rElec   .          Harm     .   (no cloak)
rCorr   .          Rampage  +   (no gloves)
Will    +....                   o - +2 pair of boots {rampage}
Stlth   ++........              (no amulet)
HPRegen 0.20/turn               h - +4 ring of protection
MPRegen 0.18/turn               C - +4 ring of protection

@: flying
A: breathe power, AC +7, unfitting armour, cold-blooded
a: Breathe Dispelling Energy, Renounce Religion


You were on level 7 of the Dungeon.
You worshipped Vehumet.
Vehumet was noncommittal.
You visited 2 branches of the dungeon, and saw 8 of its levels.

You collected 324 gold pieces.

Inventory:

Armour
 i - a +0 pair of boots
 o - a +2 pair of boots of rampaging (worn)
Jewellery
 d - a ring of protection from fire
 h - a +4 ring of protection (left hand)
 B - a ring of poison resistance
 C - a +4 ring of protection (right hand)
Wands
 e - a wand of charming (8)
 l - a wand of flame (26)
 v - a wand of polymorph (9)
 x - a wand of iceblast (13)
Scrolls
 b - a scroll of blinking {unknown}
 g - 2 scrolls of teleportation {unknown}
 k - a scroll of fear {unknown}
 m - 2 scrolls of enchant armour {unknown}
 q - a scroll of magic mapping {unknown}
 s - a scroll of amnesia {unknown}
 u - 4 scrolls of identify {unknown}
 w - a scroll of torment {unknown}
 y - a scroll of immolation {unknown}
 E - 2 scrolls of fog {unknown}
Potions
 a - 2 potions of flight
 c - 5 potions of curing {unknown}
 f - a potion of attraction {unknown}
 j - a potion of degeneration {unknown}
 n - a potion of might {unknown}
 p - 2 potions of invisibility {unknown}
 r - 2 potions of haste {unknown}
 t - 2 potions of cancellation {unknown}
 z - 2 potions of lignification {unknown}
 A - a potion of resistance {unknown}
 D - 2 potions of magic {unknown}


   Skills:
 + Level 0.5 Fighting
 + Level 2.9 Dodging
 + Level 2.8 Stealth
 + Level 1.9 Unarmed Combat
 * Level 9.1 Spellcasting
 + Level 4.5 Conjurations
 + Level 5.9 Air Magic
 + Level 1.4 Earth Magic
 + Level 2.4 Poison Magic


You had 12 spell levels left.
You knew the following spells:

 Your Spells              Type           Power      Damage    Failure   Level
a - Shock                 Conj/Air       100%       1d9       1%          1
b - Poisonous Vapours     Pois/Air       48%        N/A       2%          2
c - Static Discharge      Conj/Air       28%        N/A       1%          2
d - Airstrike             Air            15%        N/A       7%          4
e - Stone Arrow           Conj/Erth      40%        3d9       7%          3
f - Blink                 Tloc           16%        N/A       12%         2

Your spell library contained the following spells:

 Spells                   Type           Power      Damage    Failure   Level
 Swiftness                Air            31%        N/A       1%          3
 Corpse Rot               Necr/Air       40%        N/A       3%          2
 Apportation              Tloc           16%        N/A       9%          1
 Lesser Beckoning         Tloc           8%         N/A       24%         3
 Ozocubu's Armour         Ice            8%         N/A       24%         3
 Summon Guardian Golem    Hex/Summ       8%         N/A       24%         3
 Alistair's Intoxication  Tmut/Pois      8%         N/A       80%         5
 Manifold Assault         Tloc           8%         N/A       92%         5
 Invisibility             Hex            4%         N/A       100%        6
 Orb of Destruction       Conj           13%        9d6       100%        7
 Ozocubu's Refrigeration  Ice            4%         4d5       100%        7
 Spellforged Servitor     Conj/Summ      8%         N/A       100%        7
 Lehudib's Crystal Spear  Conj/Erth      10%        10d4      100%        8
 Animate Armour           Summ/Erth      Unusable   N/A       N/A         4

Dungeon Overview and Level Annotations

Branches:
Dungeon (7/15)             Temple (1/1) D:6

Altars:
Ashenzari
Cheibriados
Dithmenos
Elyvilon
Fedhas
Gozag
Hepliaklqana
Kikubaaqudgha
Makhleb
Nemelex Xobeh
Okawaru
Qazlal
Ru
Sif Muna
Trog
Uskayaw
Vehumet
Wu Jian
Xom
Yredelemnul
Zin
The Shining One

Shops:
D:4 (

Annotations:
D:4 3 runed translucent doors, Zigma's ghost, amateur OpNe


Innate Abilities, Weirdness & Mutations

You can breathe bolts of dispelling energy.
Your rich purple scales are hard. (AC +7)
You cannot fit into any form of body armour.
You are cold-blooded and may be slowed by cold attacks.


Message History

Casting: Shock (safe; 1% risk of failure)
Confirm with . or Enter, or press ? or * to list all spells.
Aiming: Shock (safe; 1% risk of failure)
Press: ? - help, Shift-Dir - straight line, f/p - boulder beetle
Aim: a boulder beetle (lightly wounded, 100% to hit)
The zap hits the boulder beetle but does no damage.
The boulder beetle is lightly wounded.
The boulder beetle bites you but does no damage.
Casting: Shock (safe; 1% risk of failure)
Confirm with . or Enter, or press ? or * to list all spells.
Aiming: Shock (safe; 1% risk of failure)
Press: ? - help, Shift-Dir - straight line, f/p - boulder beetle
Aim: a boulder beetle (lightly wounded, 100% to hit)
The zap hits the boulder beetle!
The boulder beetle is lightly wounded.
The boulder beetle closely misses you.
Casting: Shock (safe; 1% risk of failure)
Confirm with . or Enter, or press ? or * to list all spells.
Aiming: Shock (safe; 1% risk of failure)
Press: ? - help, Shift-Dir - straight line, f/p - boulder beetle
Aim: a boulder beetle (lightly wounded, 100% to hit)
The zap hits the boulder beetle.
The boulder beetle is lightly wounded.
The boulder beetle misses you.
Casting: Shock (safe; 1% risk of failure)
Confirm with . or Enter, or press ? or * to list all spells.
Aiming: Shock (safe; 1% risk of failure)
Press: ? - help, Shift-Dir - straight line, f/p - boulder beetle
Aim: a boulder beetle (lightly wounded, 100% to hit)
The zap hits the boulder beetle.
The boulder beetle is moderately wounded.
The boulder beetle bites you!
It was a potion of flight.
You feel very buoyant.
You fly up into the air.
The boulder beetle bites you!
* * * LOW HITPOINT WARNING * * *
The boulder beetle leaps!
The boulder beetle curls into a ball and begins rolling!
The boulder beetle hits you!!
You die...

##............#
#....(......##
#......°...##
#.......°.## #
#...##.).B.###
..# #..#
#####○..##...#
#..#
###○......#
#..#
##.B...#####
##..#
###.@..###
#...###.....##
#...##....###
#.<.....###
#......##
#....### #...##
##.###
######..#


You could see a boulder beetle (rolling).

Vanquished Creatures
  Grinder (D:5)
  Sigmund (D:5)
  A necrophage (D:5)
  A black bear (D:6)
  A centaur (D:5)
  3 ogres
  2 phantoms
  2 kobold brigands
  2 bullfrogs
  3 scorpions
  A water moccasin skeleton (D:4)
  A bullfrog zombie (D:5)
  2 hounds
  A jelly (D:6)
  2 centaur skeletons
  An orc priest (D:6)
  5 iguanas
  3 gnolls (D:5)
  13 adders
  2 adder skeletons (D:4)
  2 worms
  2 dart slugs
  9 orcs
  6 bats
  9 endoplasms
  6 giant cockroaches
  8 goblins
  11 hobgoblins
  4 jackals (D:4)
  7 quokkas
  5 ball pythons
  5 frilled lizards
  6 kobolds (D:7)
  2 rats
130 creatures vanquished.

Notes
Turn   | Place    | Note
-------+----------+-------------------------------------------
     0 | D:1      | Lekart the Draconian Air Elementalist began the quest for
                  | the Orb.
     0 | D:1      | Reached XP level 1. HP: 14/14 MP: 3/3
   321 | D:1      | Reached XP level 2. HP: 15/20 MP: 1/5
   600 | D:1      | Learned a level 2 spell: Poisonous Vapours
  1016 | D:1      | Found a faded altar of an unknown god.
  1246 | D:1      | Reached XP level 3. HP: 10/26 MP: 0/6
  2306 | D:2      | Reached XP level 4. HP: 33/33 MP: 4/7
  2411 | D:2      | Learned a level 2 spell: Static Discharge
  2792 | D:3      | Reached skill level 1 in Unarmed Combat
  3214 | D:3      | Reached skill level 3 in Spellcasting
  3931 | D:4      | Noticed a kobold brigand
  3942 | D:4      | Killed a kobold brigand
  3943 | D:4      | Reached XP level 5. HP: 38/38 MP: 1/10
  4043 | D:4      | Reached skill level 1 in Poison Magic
  4250 | D:4      | Found Upaxueh's Antique Weapon Shoppe.
  4529 | D:4      | Reached XP level 6. HP: 45/45 MP: 5/11
  4584 | D:4      | Found a runed translucent gate.
  4584 | D:4      | Found a runed translucent gate.
  4586 | D:4      | Found a runed translucent gate.
  4702 | D:4      | Learned a level 4 spell: Airstrike
  4730 | D:4      | Reached skill level 4 in Spellcasting
  5356 | D:4      | Noticed Zigma's ghost (amateur OpNe)
  5748 | D:5      | Entered Level 5 of the Dungeon
  5919 | D:4      | Learned a level 3 spell: Stone Arrow
  5925 | D:4      | Your scales start taking on a rich purple colour.
  5925 | D:4      | Reached skill level 5 in Spellcasting
  5925 | D:4      | Reached XP level 7. HP: 50/50 MP: 6/15
  6250 | D:5      | Reached skill level 6 in Spellcasting
  6381 | D:5      | Noticed Sigmund
  6385 | D:5      | Killed Sigmund
  6386 | D:5      | Reached skill level 5 in Air Magic
  6572 | D:5      | Noticed Grinder
  6726 | D:5      | Reached skill level 7 in Spellcasting
  6726 | D:5      | Reached XP level 8. HP: 58/58 MP: 11/18
  6947 | D:4      | Reached skill level 1 in Earth Magic
  7001 | D:4      | Upgraded the game from 0.28-a0-724-g66f9036eb4 to
                  | 0.28-a0-728-g0181a31188
  7335 | D:5      | Killed Grinder
  7336 | D:5      | Reached skill level 8 in Spellcasting
  8344 | D:6      | Found a staircase to the Ecumenical Temple.
  8377 | Temple   | Entered the Ecumenical Temple
  8450 | Temple   | Became a worshipper of Vehumet
  8760 | D:7      | Reached skill level 9 in Spellcasting
  8934 | D:7      | Reached XP level 9. HP: 47/63 MP: 7/22
  9059 | D:7      | Found a shimmering blue altar of Sif Muna.
  9130 | D:7      | Learned a level 2 spell: Blink
  9176 | D:7      | Noticed a boulder beetle
  9267 | D:7      | Mangled by a boulder beetle

Illustrated notes

Levels and vault maps discovered:
D:1:      minmay_arrival_jagged, layout_basic,
          hellmonk_ecumenical_altar_heavens_door
D:2:      layout_rooms, minmay_door_square
D:3:      layout_basic, dk_noncrumbling_3
D:4:      minmay_angry_zag, layout_basic, gammafunk_ghost_necromancy,
          serial_shops, nicolae_shop_behind_doors, grunt_ministairs_5,
          kennysheep_generic_room_5
D:5:      minmay_diamond_boxcup, layout_loops_ring, uniq_grinder, uniq_sigmund
D:6:      minmay_klotski, layout_basic, minmay_temple_entry_grid
D:7:      layout_cave_pods, mainiacjoe_overflow_24_doors
Temple:   compressed_dpeg_circular_temple

Skill      XL: |  1  2  3  4  5  6  7  8 |
---------------+-------------------------+-----
Dodging        | 2 |  2.9
Stealth        | 2 |  2.8
Unarmed Combat | 1 |  1.9
Spellcasting   | 3 5 7 9 |  9.1
Air Magic      | 4 5 |  5.9
Poison Magic   | 1 2 |  2.4
Conjurations   | 2 3 4 |  4.5
Earth Magic    | 1 |  1.4
Fighting       | |  0.5

Action                   |  1- 3 |  4- 6 |  7- 9 || total
-------------------------+-------+-------+-------++-------
Melee: Unarmed           |   104 |    42 |     9 ||   155
       Tailslap          |     8 |     6 |       ||    14
       Punch             |       |       |     2 ||     2
 Cast: Shock             |    50 |   121 |   132 ||   303
       Poisonous Vapours |    10 |    24 |     5 ||    39
       Static Discharge  |       |     8 |       ||     8
       Stone Arrow       |       |     2 |    24 ||    26
       Airstrike         |       |     2 |     6 ||     8
       Blink             |       |       |     1 ||     1
  Use: Potion            |       |       |     1 ||     1
 Stab: Sleeping          |       |     1 |       ||     1
Armor: Skin              |    44 |    37 |    37 ||   118
Dodge: Dodged            |    83 |    57 |    47 ||   187

Table legend: (Time is in decaauts)
 A = Elapsed time spent in this place.
 B = Non-inter-level travel time spent in this place.
 C = Inter-level travel time spent in this place.
 D = Time resting spent in this place.
 E = Time spent auto-exploring this place.
 F = Levels seen in this place.
 G = Mean time per level.
                   A        B        C        D        E       F      G
               +--------+--------+--------+--------+--------+-----+--------+
         Total |   9277 |   9073 |    204 |   2134 |   5575 |   8 | 1159.6 |
       Dungeon |   9175 |   8999 |    176 |   2134 |   5575 |   7 | 1310.7 |
        Temple |    101 |     73 |     28 |      0 |      0 |   1 |  101.0 |
               +--------+--------+--------+--------+--------+-----+--------+

Top non-repeatable levels by time:
     D:4: 2096 daAuts
     D:1: 1978 daAuts
     D:5: 1869 daAuts
     D:3: 1185 daAuts
     D:2: 775 daAuts
     D:6: 758 daAuts
     D:7: 510 daAuts
  Temple: 101 daAuts
